AoeStats
← Cinnamoroll

Hill Fort

505598287Analyzed
4v4 RM · 23d ago on Sep 10, 2026· 31m 41s· 8 players
Game mode
Random Map
Map size
Large (8 player)
Population
200
Speed
Normal
Resources
Standard
Victory
Conquest
Starting age
Dark Age
Ending age
Imperial Age
RankedLock teamsTeams togetherTeam positionsShared explorationLock speedFull tech treeHidden civsTurbo modeCheats
Victory
Defeat
🇵🇪 Turks · Peru
1499
+12
🇨🇦 Spanish · Canada
1499
+12
🇨🇳 Franks · China
1491
+13
🇨🇳 Mongols · China
1486
+13
🇬🇧 Saracens · United Kingdom
1457
-14
🇹🇷 Bulgarians · Türkiye
1414
-12
🇻🇳 Koreans · Vietnam
1411
-12
🇺🇸 Magyars · United States
1391
-12
Isengard
10:32 Feudal Age
11:30 Loom
17:04 Castle Age
15:28 Double-Bit Axe
16:22 Bloodlines
16:38 Horse Collar
17:01 Fletching
18:02 Bow Saw
20:11 Gold Mining
20:24 Heavy Plow
21:06 Fletching
22:02 Padded Archer Armor
23:16 Thumb Ring
24:43 Ballistics
26:01 Bodkin Arrow
28:31 Wheelbarrow
28:55 Leather Archer Armor
29:38 Guard Tower
monster
0:53 Loom
11:02 Feudal Age
18:08 Castle Age
16:05 Horse Collar
16:40 Double-Bit Axe
22:23 Wheelbarrow
21:53 Heavy Plow
22:06 Bow Saw
28:40 Scale Barding Armor
28:45 Forging
28:36 Scale Mail Armor
29:23 Forging
29:34 Chain Barding Armor
29:30 Fletching
GrimLOL
9:42 Feudal Age
15:45 Castle Age
14:56 Loom
19:23 Double-Bit Axe
23:25 Bow Saw
22:56 Horse Collar
24:37 Padded Archer Armor
24:27 Fletching
26:38 Wheelbarrow
27:12 Heavy Plow
27:05 Gold Mining
No_hope
6:58 Loom
9:28 Feudal Age
11:48 Double-Bit Axe
23:50 Castle Age
21:54 Horse Collar
25:14 Bow Saw
27:44 Fletching
28:51 Wheelbarrow
Cinnamoroll
2:09 Loom
16:04 Feudal Age
16:32 Man-at-Arms
20:10 Castle Age
18:16 Horse Collar
18:51 Double-Bit Axe
19:27 Gold Mining
20:10 Bloodlines
20:51 Heavy Plow
21:01 Bow Saw
21:45 Fervor
22:42 Scale Barding Armor
23:14 Husbandry
24:10 Sanctity
26:18 Wheelbarrow
28:57 Town Watch
29:45 Redemption
31:53 Chain Barding Armor
BigBanana
11:33 Feudal Age
13:31 Loom
16:12 Castle Age
14:28 Double-Bit Axe
14:56 Horse Collar
16:43 Scale Barding Armor
17:32 Husbandry
19:22 Bloodlines
21:57 Wheelbarrow
22:51 Forging
24:43 Chain Barding Armor
25:27 Gold Mining
25:29 Stone Mining
26:39 Ballistics
27:06 Town Watch
27:36 Hand Cart
29:37 Hand Cart
30:20 Iron Casting
麦辣鸡翅
11:17 Feudal Age
12:41 Loom
15:42 Castle Age
14:18 Double-Bit Axe
14:43 Horse Collar
15:45 Fletching
17:04 Bow Saw
19:08 Bodkin Arrow
19:17 Padded Archer Armor
21:44 Ballistics
22:03 Leather Archer Armor
25:58 Husbandry
26:09 Bloodlines
28:16 Wheelbarrow
31:36 Hand Cart
吮指原味鸡
10:49 Feudal Age
14:36 Castle Age
13:12 Double-Bit Axe
16:10 Bow Saw
20:50 Wheelbarrow
24:58 Hand Cart
24:44 Loom
25:13 Gold Mining
28:51 Imperial Age
26:39 Scale Barding Armor
27:31 Husbandry
27:53 Chain Barding Armor
27:44 Forging
28:35 Town Watch
29:37 Chivalry
29:59 Conscription
29:09 Cavalier
30:26 Plate Barding Armor
32:41 Iron Casting
Connection lost

Rejoining the realm…

Still unreachable

The connection could not be restored.

Session expired

The server has moved on; the page needs a fresh start.